 Dungeon Crawl Stone Soup version 0.31-a0-202-g547052bce9 (webtiles) character file.

Game seed: 5703882690444225192

12 qw the Shooter (level 2, -1/16 HPs)
             Began as a Deep Elf Hunter on June 26, 2023.
             Slain by a worm (9 damage)
             ... on level 2 of the Dungeon.
             The game lasted 00:00:09 (761 turns).

qw the Shooter (Deep Elf Hunter)                     Turns: 761, Time: 00:00:10

Health: -1/16      AC:  6    Str:  8    XL:     2   Next: 20%
Magic:  4/4        EV:  8    Int: 13    God:
Gold:   86         SH:  0    Dex: 18    Spells: 1/1 levels left

rFire   . . .        Y - +0 shortbow
rCold   . . .        (shield currently unavailable)
rNeg    . . .        g - +0 scale mail
rPois   .            (no helmet)
rElec   .            (no cloak)
rCorr   .            (no gloves)
SInv    .            (no boots)
Will    .....        (no amulet)
Stlth   +            (no ring)
HPRegen 0.22/turn    (no ring)
MPRegen 0.09/turn

%: no passive effects
@: no status effects
A: no striking features
a: no special abilities


You were on level 2 of the Dungeon.
You visited 1 branch of the dungeon, and saw 2 of its levels.

You collected 86 gold pieces.


   Skills:
 - Level 1.5 Fighting
 + Level 6.1 Ranged Weapons
 - Level 2.4 Dodging
 - Level 1.2 Stealth


You had one spell level left.
You didn't know any spells.
Your spell library was empty.

Inventory:

Hand Weapons
 Y - a +0 shortbow (weapon)
Armour
 g - a +0 scale mail (worn)
Scrolls
 a - a scroll of identify
 b - a scroll of fog {unknown}
 c - a scroll of immolation {unknown}
Potions
 e - a potion of curing
 f - a potion of heal wounds {unknown}
 i - a potion of attraction {unknown}

Dungeon Overview and Level Annotations

Branches:
Dungeon (2/15)

Altars:


Message History

You see here a +0 whip.
There is a stone staircase leading down here.
You climb downwards.
The endoplasm quivers.
Found a scroll labelled ASKEUXKYCLO and 13 gold pieces.
There is a stone staircase leading up here.
There are monsters nearby!
Waypoint 1 assigned to D:2.
You shoot an arrow. The arrow hits the endoplasm.
You kill the endoplasm!
Your Ranged Weapons skill increases to level 6!
You shoot an arrow. The arrow hits the quokka!
You kill the quokka!
A kobold comes into view. It is wielding a +0 whip.
Found 2 throwing nets.
The kobold shouts!
You shoot an arrow.
The arrow hits the kobold but does no damage.
The kobold throws a stone.
The stone hits you but does no damage.
You shoot an arrow. The arrow hits the kobold.
The kobold is severely wounded.
The kobold closely misses you.
You shoot an arrow. The arrow hits the kobold!
You kill the kobold!
Things that are here:
a +0 whip; 5 stones; a kobold corpse You see here a quokka corpse.
b - a scroll labelled ASKEUXKYCLO
c - a scroll labelled JYSILA PINE
Found a stone staircase leading down.
You now have 86 gold pieces (gained 13).
A worm comes into view.
You shoot an arrow. The arrow hits the worm.
The worm is lightly wounded.
You shoot an arrow. The arrow barely misses the worm.
The worm bites you!
Ouch! That really hurt!
You shoot an arrow. The arrow completely misses the worm.
The worm bites you!
Ouch! That really hurt!
You die...

#.#.#.#.#.###.#
#.<...).%.....#
#.#.#.#.#.#.###
#...........######
#.#.#.#.#.#......#
##..........####.#
##.#.#.#.######
#.####........# #.
###@.###.#
#.....w>.......
#.....#.####.##
#.###.#.# # #.#
... ..# ..#


You could see a worm.

Vanquished Creatures
  A dart slug (D:1)
  3 endoplasms
  A hobgoblin (D:1)
  A kobold (D:2)
  A quokka (D:2)
  A ball python (D:1)
  A rat (D:1)
9 creatures vanquished.

Notes
Turn   | Place    | Note
-------+----------+-------------------------------------------
     0 | D:1      | qw the Deep Elf Hunter began the quest for the Orb.
     0 | D:1      | Reached XP level 1. HP: 12/12 MP: 3/3
     0 | D:1      | 0 ||| qw: Version: 0.3-a-22-g0ed2b0b
     0 | D:1      | 0 ||| qw: Game counter: 6199
     0 | D:1      | 0 ||| qw: Melee chars always use a shield: true
     0 | D:1      | 0 ||| qw: God list: Okawaru
     0 | D:1      | 0 ||| qw: Allow faded altars: false
     0 | D:1      | 0 ||| qw: Do Orc after clearing Dungeon:15 true
     0 | D:1      | 0 ||| qw: Do second Lair branch before Depths: true
     0 | D:1      | 0 ||| qw: Lair rune preference: random
     0 | D:1      | 0 ||| qw: Goals: Normal
     0 | D:1      | 0 ||| PLANNING D:1-11
   497 | D:1      | Found a faded altar of an unknown god.
   600 | D:1      | Reached XP level 2. HP: 16/16 MP: 4/4
   672 | D:1      | 672 ||| UPGRADING to +0 scale mail.
   682 | D:1      | 682 ||| DROPPING +0 leather armour.
   683 | D:1      | 683 ||| READING 2 scrolls labelled MARHOS IDYTAL.
   684 | D:1      | 684 ||| READING scroll labelled SEUPEI ZUIZUAM.
   685 | D:1      | 685 ||| DRINKING 3 emerald potions.
   686 | D:1      | 686 ||| DROPPING scroll of butterflies.
   688 | D:1      | 688 ||| Stepping ~*~*~tactically~*~*~ (cloud).
   689 | D:1      | 689 ||| DRINKING 2 potions of curing.
   689 | D:1      | 689 ||| (to cure poison)
   733 | D:2      | Reached skill level 6 in Ranged Weapons
   761 | D:2      | Slain by a worm

Levels and vault maps discovered:
D:1:      saegor_arrival_fortress, layout_basic,
          shapermc_ecumenical_altar_hornbeckon
D:2:      minmay_razor_zed, layout_basic, basic_altar, st_stairs_9

Skill      XL: |  1  2 |
---------------+-------+-----
Ranged Weapons | 6 |  6.1
Fighting       | |  1.5
Dodging        | |  2.4
Stealth        | |  1.2

Action                     || total
---------------------------++-------
   Fire: Shortbow          ||    18
    Use: Scroll            ||     2
         Potion            ||     2
 Armour: Scale mail        ||     1
  Dodge: Dodged            ||     1

Table legend:
 A = Non-vault XP
 B = Vault XP
 C = Vault XP percentage of total XP
 D = Non-vault monster count
 E = Vault monster count
 F = Vault count percentage of total count
                 A         B        C        D         E       F
            +---------+---------+-------+---------+---------+-------
      Total |      14 |       4 |  22.2 |       7 |       2 |  22.2
            +---------+---------+-------+---------+---------+-------
        D:1 |      12 |       0 |   0.0 |       6 |       0 |   0.0
        D:2 |       2 |       4 |  66.7 |       1 |       2 |  66.7
            +---------+---------+-------+---------+---------+-------
